 Dungeon Crawl Stone Soup version 0.27-a0-972-gd1521fd518 (webtiles) character file.

Game seed: 14691366275583482507

146 Alarkh the Insei (level 5, -3/38 HPs)
             Began as a Demonspawn Transmuter on Apr 13, 2021.
             Killed by nerve-wracking pain
             ... invoked by an orc priest
              (13 damage)
             ... on level 3 of the Dungeon.
             The game lasted 00:03:31 (2704 turns).

Alarkh the Insei (Demonspawn Transmuter)            Turns: 2704, Time: 00:03:32

Health: -3/38      AC:  4    Str:  9 (10) XL:     5   Next: 7%
Magic:  6/9        EV: 12    Int: 16      God:
Gold:   89         SH:  0    Dex: 12 (13) Spells: 3/9 levels left

rFire    . . .     SeeInvis .     - Unarmed
rCold    . . .     Faith    .   (no shield)
rNeg     . . .     Spirit   .   a - +0 robe
rPois    .         Reflect  .   (no helmet)
rElec    .         Harm     .   b - +0 cloak
rCorr    .         Rampage  .   (no gloves)
Will     .....                  i - +0 pair of boots
Stlth    +.........             (no amulet)
HPRegen  1.12/turn              (no ring)
MPRegen  0.11/turn              (no ring)

@: no status effects
A: powered by death 2, demonic magic 1, deterioration 1, subdued magic 1,
MP-powered wands
a: no special abilities


You were on level 3 of the Dungeon.
You visited 1 branch of the dungeon, and saw 3 of its levels.

You collected 89 gold pieces.

Inventory:

Armour
 a - a +0 robe (worn)
 b - a +0 cloak (worn)
 i - a +0 pair of boots (worn)
Jewellery
 g - a ring of flight
Scrolls
 c - a scroll of amnesia {unknown}
 d - a scroll of fear {unknown}
 e - 2 scrolls of identify {unknown}
Potions
 f - a potion of curing {unknown}
 h - a potion of attraction {unknown}
 j - a potion of resistance {unknown}


   Skills:
 + Level 2.2 Fighting
 - Level 1.7 Dodging
 * Level 3.9 Unarmed Combat
 + Level 2.8 Spellcasting
 + Level 2.6 Transmutations


You had 3 spell levels left.
You knew the following spells:

 Your Spells              Type           Power      Damage    Failure   Level
a - Beastly Appendage     Tmut           16%        N/A       4%          1
b - Spider Form           Tmut/Pois      2%         N/A       28%         3
c - Wereblood             Tmut           8%         N/A       8%          2

Your spell library contained the following spells:

 Spells                   Type           Power      Damage    Failure   Level
 Ice Form                 Ice/Tmut       4%         N/A       69%         4
 Hydra Form               Tmut           4%         N/A       85%         5


Dungeon Overview and Level Annotations

Branches:
Dungeon (3/15)

Altars:
Gozag
Hepliaklqana
Ru
Vehumet


Innate Abilities, Weirdness & Mutations

You regenerate health from kills.
Spells you cast may paralyse adjacent enemies.
Your body sometimes deteriorates upon taking damage.
Your spells are a little easier to cast, but a little less powerful.
You expend magic power (3 MP) to strengthen your wands.


Message History

The orc priest is heavily wounded.
The orc priest completely misses you. x2; The orc misses you.
You hit the orc priest but do no damage.
The orc priest is heavily wounded.
The orc priest misses you. The orc priest closely misses you.
The orc hits you with a +0 hand axe of freezing.
The orc freezes you.
You hit the orc priest.
The orc priest looks as sick as possible!
The orc priest is almost dead.
The orc priest barely misses you. The orc priest completely misses you.
You hit the orc priest but do no damage.
The orc priest is almost dead.
You kill the orc priest!
The orc hits you with a +0 hand axe of freezing.
Your body deteriorates!
You feel clumsy. The orc freezes you.
The orc priest hits you with a +0 flail!
* * * LOW HITPOINT WARNING * * *
The orc shouts!
You feel your dexterity returning.
You have reached level 5!
Your demonic ancestry asserts itself...
The wave of death grows in power.
You hit the orc priest.
The orc priest looks as sick as possible!
The orc priest is heavily wounded.
The orc completely misses you. The orc priest misses you.
You hit the orc priest but do no damage.
The orc priest looks as sick as possible!
The orc priest is severely wounded.
The orc misses you. The orc hits you with a +0 whip.
* * * LOW HITPOINT WARNING * * *
Your transformation has ended.
Your +0 cloak unmelds from your body.
Your +0 pair of boots unmelds from your body.
Your +0 robe unmelds from your body.
The orc priest calls down the wrath of Beogh upon you.
Pain shoots through your body!
You die...

#.#..# #.##.## ####
#.##..# #... #.###.#
##### # #... #.# #.#
#...# o# #... #.# #.#
#...## ).# # #... #.#
#.## #.oo.#.o.####..#...
#.# #..#
#o.#...o..........w #.#
##.####.@##....####^####.
#.# #..##...###>..# .. #.
#.# ##...._...#...#.. #.
#.# #........###.# #. #.#
#.........# .# #. #.#
#....⌠....# # #.
#.#####.........# #.
#..............## r #.
#######...._...# ##^####.


You could see an orc priest (extremely poisoned) and 2 orcs.

Vanquished Creatures
  An orc priest (D:3)
  5 gnolls
  3 adders
  2 worms (D:3)
  A dart slug (D:1)
  4 ball pythons
  2 endoplasms
  2 goblins
  5 hobgoblins
  A quokka (D:1)
  5 bats
  2 frilled lizards
  4 kobolds
  6 rats
  A spectral kobold (D:3)
44 creatures vanquished.

Notes
Turn   | Place    | Note
-------+----------+-------------------------------------------
     0 | D:1      | Alarkh the Demonspawn Transmuter began the quest for the
                  | Orb.
     0 | D:1      | Reached XP level 1. HP: 15/15 MP: 3/3
   194 | D:1      | Found a faded altar of an unknown god.
   250 | D:1      | Gained mutation: You regenerate a little health from kills.
                  | [demonic ancestry]
   250 | D:1      | Reached XP level 2. HP: 21/21 MP: 3/5
   279 | D:1      | Gained mutation: Your body sometimes deteriorates upon
                  | taking damage. [potion of mutation]
   279 | D:1      | Gained mutation: Your spells are a little easier to cast,
                  | but a little less powerful. [potion of mutation]
   279 | D:1      | Gained mutation: You expend magic power (3 MP) to
                  | strengthen your wands. [potion of mutation]
   289 | D:1      | Reached skill level 3 in Unarmed Combat
   708 | D:1      | Gained mutation: Spells you cast may paralyse adjacent
                  | enemies. [demonic ancestry]
   708 | D:1      | Reached XP level 3. HP: 26/26 MP: 4/6
  1034 | D:2      | Learned a level 3 spell: Spider Form
  1514 | D:1      | Learned a level 2 spell: Wereblood
  1585 | D:2      | Reached XP level 4. HP: 26/33 MP: 3/7
  2043 | D:3      | Found a hazy altar of Hepliaklqana.
  2097 | D:3      | Found an opulent altar of Gozag.
  2628 | D:3      | Found a radiant altar of Vehumet.
  2630 | D:3      | Found a sacrificial altar of Ru.
  2702 | D:3      | Gained mutation: You regenerate health from kills. [demonic
                  | ancestry]
  2702 | D:3      | Reached XP level 5. HP: 9/38 MP: 6/9
  2704 | D:3      | Killed from afar by an orc priest

Illustrated notes

Levels and vault maps discovered:
D:1:      dpeg_arrival_pond, layout_loops_ring,
          hellmonk_ecumenical_altar_pennies_from_heaven
D:2:      layout_loops_ring, minmay_misc_feat_x
D:3:      kennysheep_goblin_castle, layout_rooms, overflow_temple_1_default,
          nicolae_hepliaklqana_monster_ancestors, lemuel_tele_altar,
          grunt_temple_overflow_open, skrybe_limestone_x

Skill      XL: |  1  2  3  4 |
---------------+-------------+-----
Transmutations | 2 |  2.6
Unarmed Combat | 3 |  3.9
Fighting       | 2 |  2.2
Dodging        | |  1.7
Spellcasting   | |  2.8

Action                   |  1- 3 |  4- 6 || total
-------------------------+-------+-------++-------
Melee: Unarmed           |    92 |   101 ||   193
       Kick              |    11 |     6 ||    17
       Headbutt          |     3 |     6 ||     9
       Punch             |     1 |     1 ||     2
 Cast: Beastly Appendage |    28 |     5 ||    33
       Spider Form       |     1 |     2 ||     3
  Use: Potion            |     2 |       ||     2
       Scroll            |     1 |       ||     1
 Stab: Sleeping          |     1 |     2 ||     3
       Paralysed         |     1 |     2 ||     3
Armor: Robe              |    17 |    24 ||    41
       Skin              |     9 |       ||     9
Dodge: Dodged            |    66 |    57 ||   123

Table legend: (Time is in decaauts)
 A = Elapsed time spent in this place.
 B = Non-inter-level travel time spent in this place.
 C = Inter-level travel time spent in this place.
 D = Time resting spent in this place.
 E = Time spent auto-exploring this place.
 F = Levels seen in this place.
 G = Mean time per level.
                   A        B        C        D        E       F      G
               +--------+--------+--------+--------+--------+-----+--------+
         Total |   2695 |   2642 |     53 |    607 |   1517 |   3 |  898.3 |
       Dungeon |   2695 |   2642 |     53 |    607 |   1517 |   3 |  898.3 |
               +--------+--------+--------+--------+--------+-----+--------+

Top non-repeatable levels by time:
     D:2: 1103 daAuts
     D:1: 1103 daAuts
     D:3: 489 daAuts
